 Dungeon Crawl Stone Soup version 0.29.0 (webtiles) character file.

Game seed: 8957336276966783920

3449 brinewave the Nimble (level 9, -15/36 (40) HPs)
             Began as a Felid Ice Elementalist on Sept 8, 2022.
             Was a Follower of Sif Muna.
             Demolished by a two-headed ogre
             ... wielding a +0 giant club
              (17 damage)
             ... on level 9 of the Dungeon.
             The game lasted 00:45:44 (14515 turns).

brinewave the Nimble (Felid Ice Elementalist)      Turns: 14515, Time: 00:45:46

HP:   -15/36 (40)   AC: 10    Str:  4    XL:     9   Next: 78%
MP:   21/30         EV: 22    Int: 21    God:    Sif Muna [*.....]
Gold: 456           SH:  0    Dex: 16    Spells: 15/23 levels left
                                        Lives: 0   Deaths: 2

rFire   . . .      SeeInvis +     - Unarmed
rCold   . . .      Faith    .   (shield unavailable)
rNeg    . . .      Spirit   .   (body armour unavailable)
rPois   .          Reflect  .   (helmet unavailable)
rElec   .          Harm     .   (cloak unavailable)
rCorr   .          Rampage  .   (gloves unavailable)
Will    +....                   (boots unavailable)
Stlth   ++........              (no amulet)
HPRegen 0.12/turn               j - ring of flight
MPRegen 0.22/turn               s - ring of magical power

@: ice-armoured, freezing walls, flying, heavily drained, quick
A: very small, claws 1, fangs 3, see invisible, speed 1, shaggy fur 2, stealthy
paws, no weapons or thrown items, no armour, multi-lived
a: Renounce Religion, Channel Magic


You were on level 9 of the Dungeon.
You worshipped Sif Muna.
Sif Muna was aware of your devotion.
You visited 2 branches of the dungeon, and saw 10 of its levels.
You also visited: Sewer.

You collected 456 gold pieces.

Inventory:

Jewellery
 j - a ring of flight (left paw)
 s - a ring of magical power (right paw)
Wands
 h - a wand of mindburst (9)
 l - a wand of charming (9)
 t - a wand of iceblast (6)
Scrolls
 b - 5 scrolls of teleportation
 c - 3 scrolls of summoning
 e - a scroll of amnesia
 k - a scroll of fog
 p - a scroll of enchant weapon {unknown}
 r - a scroll of poison {unknown}
 u - a scroll of fear {unknown}
 x - a scroll of magic mapping {unknown}
Potions
 a - 4 potions of magic
 d - 6 potions of curing
 f - a potion of heal wounds
 g - a potion of cancellation
 i - 4 potions of might
 m - a potion of brilliance
 n - 3 potions of ambrosia
 o - a potion of haste
 q - a potion of degeneration {unknown}
 v - a potion of mutation {unknown}
 w - 2 potions of attraction {unknown}
 z - a potion of flight {unknown}


   Skills:
 + Level 5.0 Fighting
 + Level 8.2 Dodging
 + Level 3.0 Stealth
 + Level 5.0 Unarmed Combat
 + Level 7.5 Spellcasting
 - Level 3.2 Necromancy
 + Level 7.5 Ice Magic


You had 15 spell levels left.
You knew the following spells:

 Your Spells              Type           Power      Damage    Failure   Level
a - Freeze                Ice            100%       1d11      1%          1
b - Frozen Ramparts       Ice            78%        1d12      1%          3
c - Ozocubu's Armour      Ice            39%        N/A       1%          3
d - Necrotise             Necr           84%        1d8       2%          1

Your spell library contained the following spells:

 Spells                   Type           Power      Damage    Failure   Level
 Apportation              Tloc           14%        N/A       9%          1
 Sting                    Tmut/Pois      28%        1d4       9%          1
 Summon Small Mammal      Summ           28%        N/A       9%          1
 Poisonous Vapours        Pois/Air       14%        N/A       13%         2
 Hailstorm                Conj/Ice       23%        3d7       19%         4
 Summon Guardian Golem    Hex/Summ       7%         N/A       26%         3
 Olgreb's Toxic Radiance  Pois           7%         N/A       63%         4
 Orb of Destruction       Conj           3%         9d5       100%        7
 Spellforged Servitor     Conj/Summ      3%         N/A       100%        7


Dungeon Overview and Level Annotations

Branches:
Dungeon (9/15)             Temple (1/1) D:6            Lair (0/5) D:9
  Sewer (visited)
    Orc: D:9-12

Altars:
Ashenzari
Dithmenos
Elyvilon
Gozag
Hepliaklqana
Kikubaaqudgha
Makhleb
Nemelex Xobeh
Okawaru
Qazlal
Ru
Sif Muna
Trog
Uskayaw
Vehumet
Wu Jian
Xom
Yredelemnul
Zin
The Shining One

Shops:
D:7 [

Annotations:
D:3 3 runed translucent doors, MemoryOf3nth's ghost, weakling GrMo; Sigmund


Innate Abilities, Weirdness & Mutations

You have sharp claws.
You have razor-sharp teeth.
You have supernaturally acute eyesight. (SInv)
You cover ground quickly. (Speed+)
You are covered in thick fur. (AC +2)
Your paws help you pounce on unaware monsters.
You are incapable of wielding weapons or throwing items.
You cannot wear armour.
You gain extra lives every three experience levels.


Message History

The bullfrog is severely wounded.
The bullfrog seems to slow down.
The bullfrog barely misses you.
Aiming: Freeze (safe; 1% risk of failure)
Press: ? - help, Q - select action, (/) - cycle Shift-Dir - straight line, f/p - bullfrog
Aim: a bullfrog (severely wounded, slow)
You freeze the bullfrog!
You kill the bullfrog!
Sif Muna accepts your kill.
Your Stealth skill increases to level 3!
You see here a bullfrog corpse.
A two-headed ogre comes into view.
It is wielding a +0 giant club and a +0 dire flail.
Found a dagger.
Casting: Freeze (safe; 1% risk of failure)
Confirm with . or Enter, or press ? or * to list all spells.
A film of ice covers your body!
Casting: Ozocubu's Armour (safe; 1% risk of failure)
Confirm with . or Enter, or press ? or * to list all spells.
Casting: Frozen Ramparts (safe; 1% risk of failure)
Press: ? - help, Dir - look around, f - activate The walls around you are covered in ice.
The wall freezes the two-headed ogre!
The two-headed ogre completely misses you.
The two-headed ogre barely misses you.
Aiming: Freeze (safe; 1% risk of failure)
Press: ? - help, Q - select action, (/) - cycle Shift-Dir - straight line, f - two-headed ogre
Aim: a two-headed ogre, wielding a +0 giant club and a +0 dire flail (lightly wounded)
You freeze the two-headed ogre.
The two-headed ogre is lightly wounded.
Aiming: Freeze (safe; 1% risk of failure)
Press: ? - help, Q - select action, (/) - cycle Shift-Dir - straight line, f/p - two-headed ogre
Aim: a two-headed ogre, wielding a +0 giant club and a +0 dire flail (lightly wounded)
You freeze the two-headed ogre!
The two-headed ogre is moderately wounded.
The wall freezes the two-headed ogre.
The two-headed ogre hits you with a +0 giant club!!
Ouch! That really hurt!
* * * LOW HITPOINT WARNING * * *
The two-headed ogre hits you with a +0 dire flail!
You die...

.. ....# #..#..# ..#
#....# #..#..#
...######.....#
#.....#
..............#
#....##
..............#
#....#
...............
#....##
.............)#
#......
#.O......#.#.#..##
####@#####.##.#.#....
#...........#.#.##.#.
####....########.#
#.#. ........# #.#
#.#. ###.....#
#.#.##.#. ##...†#
#.#......
##...########.####.#.
##................##
##.........>.......


You could see a two-headed ogre.

Vanquished Creatures
  Prince Ribbit (D:7)
  A wyvern (D:8)
  4 steam dragons
  A water moccasin (D:7)
  An orc warrior (D:8)
  A black bear (D:6)
  An ice beast (D:7)
  3 sky beasts
  2 ogres (D:5)
  2 centaurs (D:8)
  2 phantoms
  8 kobold brigands
  A gnoll sergeant (D:7)
  4 necrophages
  4 bullfrogs
  3 scorpions
  2 wights (D:9)
  4 killer bees
  4 hounds
  A jelly (D:4)
  3 orc priests (D:5)
  3 iguanas
  An orc wizard (D:4)
  A hound skeleton (D:7)
  9 gnolls
  8 adders
  3 river rats (Sewer)
  2 shadow imps
  A white imp (D:7)
  A worm (D:2)
  2 dart slugs (D:4)
  19 orcs
  5 bats
  9 endoplasms
  7 giant cockroaches
  9 goblins
  6 hobgoblins
  6 jackals
  14 kobolds
  6 quokkas
  6 ball pythons
  4 frilled lizards
  7 rats
182 creatures vanquished.

Vanquished Creatures (others)
  2 fungi
  13 plants
15 creatures vanquished.

Grand Total: 197 creatures vanquished

Notes
Turn   | Place    | Note
-------+----------+-------------------------------------------
     0 | D:1      | brinewave the Felid Ice Elementalist began the quest for
                  | the Orb.
     0 | D:1      | Reached XP level 1. HP: 7/7 MP: 4/4
   434 | D:1      | Reached skill level 3 in Dodging
   513 | D:1      | Reached XP level 2. HP: 10/11 MP: 0/6
  1005 | D:1      | Reached XP level 3. HP: 8/14 MP: 1/7
  1430 | D:1      | Learned a level 3 spell: Frozen Ramparts
  1437 | D:1      | Found a faded altar of an unknown god.
  2141 | D:2      | Reached skill level 4 in Dodging
  2141 | D:2      | Reached XP level 4. HP: 11/18 MP: 5/9
  2780 | D:3      | Noticed a necrophage
  3214 | D:3      | Learned a level 3 spell: Ozocubu's Armour
  3335 | D:3      | Noticed Sigmund
  3488 | D:3      | Found a runed translucent gate.
  3488 | D:3      | Found a runed translucent gate.
  3488 | D:3      | Found a runed translucent gate.
  3489 | D:3      | Noticed MemoryOf3nth's ghost (weakling GrMo)
  3490 | D:3      | Noticed a kobold brigand
  3636 | D:3      | Killed a necrophage
  3637 | D:3      | Reached XP level 5. HP: 16/21 MP: 4/10
  4337 | D:4      | HP: 1/21 [kobold brigand/+0 whip (8)]
  4339 | D:4      | Reached skill level 5 in Dodging
  4819 | D:4      | Gained mutation: You are covered in thick fur. (AC +2)
                  | [Felid growth]
  4819 | D:4      | Reached XP level 6. HP: 16/24 MP: 7/12
  4998 | D:4      | Reached skill level 5 in Ice Magic
  5043 | D:4      | Found a sparkling altar of Nemelex Xobeh.
  5714 | D:5      | Entered Level 5 of the Dungeon
  5739 | D:5      | Reached skill level 6 in Dodging
  5808 | D:5      | Reached XP level 7. HP: 27/27 MP: 9/14
  5909 | D:5      | Slain by an ogre
  5910 | D:5      | Reached XP level 6. HP: -1/24 MP: 11/13
  5991 | D:5      | Found a glowing drain.
  5995 | Sewer    | Entered a sewer
  6314 | Sewer    | Reached skill level 7 in Dodging
  6314 | Sewer    | Reached XP level 7. HP: 27/27 MP: 9/15
  6484 | Sewer    | Reached skill level 5 in Spellcasting
  7764 | D:5      | Reached skill level 8 in Dodging
  7764 | D:5      | Reached XP level 8. HP: 13/31 MP: 9/17
  8129 | D:5      | Slain by a shadow imp
  8130 | D:5      | Reached XP level 7. HP: 0/27 MP: 16/16
  8287 | D:5      | Noticed a steam dragon
  8298 | D:5      | Noticed a steam dragon
  8331 | D:5      | Killed a steam dragon
  8332 | D:5      | Reached skill level 1 in Fighting
  8332 | D:5      | Reached skill level 1 in Unarmed Combat
  8365 | D:5      | Killed a steam dragon
  8777 | D:6      | Noticed a steam dragon
  8797 | D:6      | Killed a steam dragon
  8798 | D:6      | Reached XP level 8. HP: 25/33 MP: 4/18
  9076 | D:6      | Found a staircase to the Ecumenical Temple.
  9096 | Temple   | Entered the Ecumenical Temple
  9196 | Temple   | Became a worshipper of Sif Muna the Loreminder
  9891 | D:7      | Identified the +7 short sword of Beogh's Brutal Revenge
                  | {spect, rN+ Dex+3}
  9904 | D:7      | Found a bloodstained altar of Trog.
 10027 | D:7      | Noticed Prince Ribbit
 10045 | D:7      | Killed Prince Ribbit
 10103 | D:7      | Identified the +5 long sword of Saocyum {flame, rC+ rCorr
                  | Dex-5}
 10654 | D:7      | Learned a level 1 spell: Necrotise
 10918 | D:7      | Identified the +7 war axe of Disembowelment {vorpal, rF+
                  | rN+}
 10929 | D:7      | Reached XP level 9. HP: 32/39 MP: 14/20
 10977 | D:7      | Reached skill level 1 in Necromancy
 11375 | D:7      | Found Mukeess's Antique Armour Shop.
 11623 | D:7      | Found a glowing golden altar of the Shining One.
 11801 | D:7      | Found a burning altar of Makhleb.
 12139 | D:7      | Found a radiant altar of Vehumet.
 13126 | D:8      | Reached * piety under Sif Muna
 13317 | D:8      | Found a white marble altar of Elyvilon.
 13745 | D:9      | Found a staircase to the Lair.
 13813 | D:9      | Reached skill level 5 in Fighting
 13813 | D:9      | Reached skill level 5 in Unarmed Combat
 14509 | D:9      | Noticed a two-headed ogre
 14515 | D:9      | Demolished by a two-headed ogre

Illustrated notes

Levels and vault maps discovered:
D:1:      dpeg_arrival_rooms_b, layout_basic,
          dilly_ecumenical_altar_fadedgnrine, chequers_arboretum
D:2:      layout_basic, nrook_uturn
D:3:      layout_loops_ring, gammafunk_ghost_nasty_kobolds, uniq_sigmund
D:4:      layout_loops_ring, mainiacjoe_overflow_surrounded_room,
          chequers_avenue, minmay_misc_feat_cross
D:5:      kennysheep_steamy, layout_cave_pods, gup_sewer_entry_spiral,
          hangedman_decor_riveting
D:6:      layout_loops_ring, minmay_temple_entry_ruins
D:7:      layout_loops_corners, trog_three_pillars_becter,
          makhleb_blood_cavern_becter, marbit_many_paths,
          lemuel_coloured_pillars_altar, serial_shops,
          nicolae_shop_hallway_plus, hex_tiny, minmay_starry_boxes,
          uniq_prince_ribbit1
D:8:      layout_basic, elyvilon_altar_1
D:9:      layout_basic, fedhas_ov_isle_minmay, chei_slow_surprise,
          dpeg_oklobed_lair, enter_bailey_5, kennysheep_generic_room_14
Temple:   zaba_magenta_temple

Skill      XL: |  1  2  3  4  5  6  7  8  9 |
---------------+----------------------------+-----
Dodging        | 3 4 5 7 8 |  8.2
Ice Magic      | 4 5 6 7 |  7.5
Spellcasting   | 3 4 6 7 |  7.5
Fighting       | 2 3 5 |  5.0
Unarmed Combat | 2 3 5 |  5.0
Necromancy     | 3 |  3.2
Stealth        | 3 |  3.0

Action                   |  1- 3 |  4- 6 |  7- 9 || total
-------------------------+-------+-------+-------++-------
Melee: Unarmed           |    16 |    75 |   270 ||   361
       Bite              |     2 |    10 |    36 ||    48
       Punch             |       |       |    10 ||    10
 Cast: Freeze            |    64 |    61 |    78 ||   203
       Frozen Ramparts   |       |    13 |    43 ||    56
       Ozocubu's Armour  |       |       |    26 ||    26
  Use: Scroll            |     3 |     4 |     6 ||    13
       Potion            |       |       |     1 ||     1
 Stab: Sleeping          |     5 |     7 |     9 ||    21
Armor: Skin              |       |     4 |    36 ||    40
Dodge: Dodged            |    31 |    88 |   265 ||   384
